 Dungeon Crawl Stone Soup version 0.30-a0-1050-g2766ea1e55 (webtiles) character file.

Game seed: 13684034502763881209

1837 Dirtsage the Cleaver (level 8, 0/58 HPs)
             Began as a Demonspawn Berserker on Apr 10, 2023.
             Was a Priest of Trog.
             Shot with an arrow by a centaur (11 damage)
             ... on level 7 of the Dungeon.
             The game lasted 00:07:54 (5132 turns).

Dirtsage the Cleaver (Demonspawn Berserker)         Turns: 5132, Time: 00:07:54

Health: 0/58       AC:  7    Str: 19    XL:     8   Next: 87%
Magic:  8/8        EV: 10    Int: 11    God:    Trog [***...]
Gold:   247        SH:  0    Dex: 13    Spells: 7/7 levels left

rFire   . . .      SeeInvis .    t - +1 war axe (freeze)
rCold   . . .      Faith    .    (no shield)
rNeg    . . .      Spirit   .    j - +0 scale mail
rPois   .          Reflect  .    p - +0 hat
rElec   .          Rampage  .    g - +0 cloak
rCorr   .                        (no gloves)
Will    .....                    (no boots) Stlth
                                 (no amulet)
HPRegen 0.29/turn                (no ring)
MPRegen 0.11/turn                (no ring)

@: mighty
A: demonic guardian 1, powered by pain 2, big brain 1, weakness stinger 2
a: Renounce Religion, Berserk, Trog's Hand


You were on level 7 of the Dungeon.
You worshipped Trog.
Trog was most pleased with you.
You visited 2 branches of the dungeon, and saw 8 of its levels.

You collected 390 gold pieces.
You spent 143 gold pieces at shops.

Inventory:

Hand Weapons
 t - a +1 war axe of freezing (weapon)
Missiles
 o - a throwing net (quivered)
Armour
 g - a +0 cloak (worn)
 j - a +0 scale mail (worn)
 p - a +0 hat (worn)
Jewellery
 f - an amulet of faith
Wands
 s - a wand of mindburst (13)
 x - a wand of charming (2)
Scrolls
 b - a scroll of enchant weapon {unknown}
 d - 7 scrolls of identify {unknown}
 h - 2 scrolls of blinking {unknown}
 i - a scroll of poison {unknown}
 k - a scroll of noise {unknown}
 l - 5 scrolls of teleportation {unknown}
 n - 3 scrolls of magic mapping {unknown}
 u - a scroll of brand weapon {unknown}
Potions
 a - 3 potions of curing {unknown}
 c - 2 potions of haste {unknown}
 e - a potion of magic {unknown}
 m - 2 potions of lignification {unknown}
 q - a potion of resistance {unknown}
 r - a potion of degeneration {unknown}
 v - a potion of ambrosia {unknown}
 w - 3 potions of heal wounds {unknown}


   Skills:
 + Level 3.0 Fighting
 + Level 10.9 Axes
 + Level 1.7 Armour
 - Level 1.7 Dodging


You had 7 spell levels left.
You didn't know any spells.
Your spell library contained the following spells:

 Spells                   Type           Power      Damage    Failure   Level
 Magic Dart               Conj           0%         1d3       73%         1
 Shock                    Conj/Air       0%         1d3       73%         1
 Call Imp                 Summ           0%         N/A       86%         2
 Mephitic Cloud           Conj/Pois/Air  0%         N/A       97%         3
 Swiftness                Air            0%         N/A       97%         3
 Airstrike                Air            0%         2d(0-16)  100%        4


Dungeon Overview and Level Annotations

Branches:
Dungeon (7/15)             Temple (1/1) D:6

Altars:
Hepliaklqana
Kikubaaqudgha

Shops:
D:4 (


Innate Abilities, Weirdness & Mutations

A weak demonic guardian rushes to your aid.
You sometimes gain power by taking damage.
You have an unusually large brain. (Int +2)
You have a tail ending in a sharp stinger.


Message History

You feel yourself slow down.
You now have 52/58 hp.
You start resting.
HP restored.
Health restored: 58 You start waiting.
You feel yourself speed up.
You start waiting.
You recover from your berserk rage.
Setting a skill training target for Axes at 16.0.
Search for what [Enter for "shield", or ? for help]? sh Search for what [Enter for "sh", or ? for help]? shi Can't find anything matching that.
Unknown command.
A centaur comes into view. It is wielding a +0 scimitar.
Items here: )) [[.
No reachable target in view!
The centaur shouts!
The centaur unwields a +0 scimitar.
The centaur wields a +0 shortbow.
The centaur shoots an arrow.
The arrow hits you!
A demonic guardian appears!
You focus on the pain.
You feel very mighty all of a sudden.
You take 11 damage, and have 47/58 hp.
The centaur shoots an arrow.
The arrow misses you.
The centaur shoots an arrow.
The arrow hits you!
You take 8 damage, and have 39/58 hp.
The centaur shoots an arrow.
The arrow barely misses you.
The centaur shoots an arrow.
The arrow hits you.
The centaur shoots an arrow.
The arrow hits you.
You take 8 damage, and have 32/58 hp.
The centaur shoots an arrow.
The arrow hits you!
You focus on the pain.
You feel mightier all of a sudden.
The centaur shoots an arrow.
The arrow hits you.
* * * LOW HITPOINT WARNING * * *
You take 15 damage, and have 17/58 hp.
MASSIVE DAMAGE!!
The centaur shoots an arrow.
The arrow barely misses you.
The centaur shoots an arrow.
The arrow hits you.
* * * LOW HITPOINT WARNING * * *
The centaur shoots an arrow.
The arrow hits you!
You die...

#.#####..###
#........#
########.# ##
#.#######.##
##......#...##
##.....)......##
.........).......#
####...###.......##
#......@.......#
#.....####....5.#
##...## #...≈≈##
##.## ....≈c... #.
#....≈≈###
#.......# ##......#
##....## .####


You could see a centaur (ally target) and a friendly quasit (summoned).

Vanquished Creatures
  An orc warrior (D:7)
  4 ice beasts
  A phantom (D:4)
  A scorpion (D:6)
  A jelly (D:5)
  A hound (D:6)
  A gnoll bouda (D:4)
  2 orc priests
  A sleepcap (D:7)
  3 orc wizards (D:6)
  4 iguanas
  3 gnolls (D:4)
  5 adders
  5 worms
  3 dart slugs
  23 orcs
  5 bats
  4 endoplasms
  6 giant cockroaches
  7 goblins
  7 hobgoblins
  4 jackals (D:3)
  11 kobolds
  6 quokkas
  10 ball pythons
  2 frilled lizards (D:2)
  3 rats
124 creatures vanquished.

Vanquished Creatures (others)
  The ghost of bmj180 the Frost Mage, a journeyman MfIE of Vehumet (D:6)
  The ghost of Notanamesir the Destroyer, a novice TeCj of Ashenzari (D:6)
  The ghost of minbekrie the Cudgeller, an amateur GrMo (D:6)
3 creatures vanquished.

Grand Total: 127 creatures vanquished

Notes
Turn   | Place    | Note
-------+----------+-------------------------------------------
     0 | D:1      | Dirtsage the Demonspawn Berserker began the quest for the
                  | Orb.
     0 | D:1      | Reached XP level 1. HP: 18/18 MP: 1/1
    91 | D:1      | Reached skill level 3 in Axes
   350 | D:1      | Gained mutation: You sometimes gain a little power by
                  | taking damage. [demonic ancestry]
   350 | D:1      | Reached XP level 2. HP: 24/24 MP: 2/2
   967 | D:2      | Reached XP level 3. HP: 29/29 MP: 3/3
  1112 | D:2      | Found a hazy altar of Hepliaklqana.
  1204 | D:2      | Reached skill level 4 in Axes
  1248 | D:2      | Reached ** piety under Trog
  1872 | D:3      | Gained mutation: You have an unusually large brain. (Int
                  | +2) [demonic ancestry]
  1872 | D:3      | Reached XP level 4. HP: 35/35 MP: 4/4
  1898 | D:3      | You fall into a shaft and drop 3 floors!
  1912 | D:6      | Noticed an ice beast
  1918 | D:6      | Killed an ice beast
  1919 | D:6      | Reached skill level 5 in Axes
  1919 | D:6      | Gained mutation: You have a small tail. [demonic ancestry]
  1919 | D:6      | Reached XP level 5. HP: 41/41 MP: 5/5
  2091 | D:6      | Noticed an ice beast
  2096 | D:6      | Reached skill level 6 in Axes
  2113 | D:6      | Killed an ice beast
  2114 | D:6      | Gained mutation: You have a tail ending in a sharp stinger.
                  | [demonic ancestry]
  2114 | D:6      | Reached XP level 6. HP: 25/47 MP: 6/6
  2198 | D:5      | Entered Level 5 of the Dungeon
  2336 | D:4      | Reached skill level 7 in Axes
  2644 | D:3      | Noticed an ice beast
  2650 | D:3      | Killed an ice beast
  2651 | D:3      | Gained mutation: You sometimes gain power by taking damage.
                  | [demonic ancestry]
  2651 | D:3      | Reached XP level 7. HP: 52/52 MP: 7/7
  2867 | D:3      | Reached *** piety under Trog
  3094 | D:4      | Found Mexka's Antique Weapon Shoppe.
  3184 | D:4      | Bought a glowing war axe for 143 gold pieces
  3500 | D:5      | Reached skill level 8 in Axes
  3559 | D:5      | Found an ancient bone altar of Kikubaaqudgha.
  4086 | D:6      | Found a staircase to the Ecumenical Temple.
  4099 | Temple   | Entered the Ecumenical Temple
  4459 | D:6      | HP: 1/52 [ice beast (9)]
  4462 | D:6      | Reached skill level 9 in Axes
  4462 | D:6      | Gained mutation: A weak demonic guardian rushes to your
                  | aid. [demonic ancestry]
  4462 | D:6      | Reached XP level 8. HP: 3/58 MP: 8/8
  4821 | D:6      | Found a runed translucent gate.
  4821 | D:6      | Found a runed translucent gate.
  4821 | D:6      | Found a runed translucent gate.
  4826 | D:6      | Noticed minbekrie's ghost (amateur GrMo)
  4826 | D:6      | Noticed Notanamesir's ghost (novice TeCj)
  4826 | D:6      | Noticed bmj180's ghost (journeyman MfIE)
  4871 | D:6      | Killed bmj180's ghost
  4871 | D:6      | Killed minbekrie's ghost
  4871 | D:6      | Killed Notanamesir's ghost
  4872 | D:6      | Reached skill level 10 in Axes
  5132 | D:7      | Shot with an arrow by a centaur

Illustrated notes

Levels and vault maps discovered:
D:1:      giann_horns, layout_loops_ring
D:2:      layout_loops_ring, basic_altar, nrook_mini_backslash
D:3:      layout_rooms
D:4:      layout_cave_pools, serial_shops, shop
D:5:      layout_rooms, mainiacjoe_overflow_surrounded_room
D:6:      layout_loops_ring, gammafunk_ghost_cemetery
D:7:      layout_loops_corners, hangedman_abyss_or_decor_passed,
          grunt_ministairs_8, kb_lookout_dungeons_type, sigmund_army
Temple:   mainiacjoe_temple_archimedes_tessellation

Skill      XL: |  1  2  3  4  5  6  7  8 |
---------------+-------------------------+-----
Axes           | 3 4 5 6 7 9 10 | 10.9
Fighting       | |  3.0
Armour         | |  1.7
Dodging        | |  1.7

Action                     |  1- 3 |  4- 6 |  7- 9 || total
---------------------------+-------+-------+-------++-------
  Melee: Hand axe          |    22 |       |       ||    22
         War axe           |    98 |    70 |   132 ||   300
         Tailslap          |       |     8 |    13 ||    21
         Punch             |       |     1 |     1 ||     2
 Invoke: Berserk           |     1 |     7 |     7 ||    15
         Trog's Hand       |       |       |     1 ||     1
 Armour: Animal skin       |     9 |       |       ||     9
         Scale mail        |    43 |    21 |    34 ||    98
  Dodge: Dodged            |    69 |    33 |    57 ||   159

Table legend: (Time is in decaauts)
 A = Elapsed time spent in this place.
 B = Non-inter-level travel time spent in this place.
 C = Inter-level travel time spent in this place.
 D = Time resting spent in this place.
 E = Time spent auto-exploring this place.
 F = Levels seen in this place.
 G = Mean time per level.
                   A        B        C        D        E       F      G
               +--------+--------+--------+--------+--------+-----+--------+
         Total |   5319 |   5078 |    241 |   1217 |   3084 |   8 |  664.9 |
       Dungeon |   5313 |   5072 |    241 |   1217 |   3084 |   7 |  759.0 |
        Temple |      6 |      6 |      0 |      0 |      0 |   1 |    6.0 |
               +--------+--------+--------+--------+--------+-----+--------+

Top non-repeatable levels by time:
     D:6: 1320 daAuts
     D:1: 978 daAuts
     D:4: 869 daAuts
     D:2: 795 daAuts
     D:5: 690 daAuts
     D:3: 557 daAuts
     D:7: 101 daAuts
  Temple: 6 daAuts
